 Dungeon Crawl Stone Soup version 0.30-a0-122-g2a1322497e (webtiles) character file.

Game seed: 5424879940901762679

50 zishaf the Caller (level 3, 0/27 HPs)
             Began as a Barachi Summoner on Sept 15, 2022.
             Hit by a boomerang thrown by an orc (1 damage)
             ... on level 3 of the Dungeon.
             The game lasted 00:03:22 (3049 turns).

zishaf the Caller (Barachi Summoner)                Turns: 3049, Time: 00:03:23

Health: 0/27       AC:  2    Str:  9    XL:     3   Next: 79%
Magic:  1/7        EV: 12    Int: 17    God:
Gold:   131        SH:  0    Dex: 12    Spells: 1/7 levels left

rFire   . . .      SeeInvis .    g - +0 dagger
rCold   . . .      Faith    .    (no shield)
rNeg    . . .      Spirit   .    a - +0 robe
rPois   .          Reflect  .    (no helmet)
rElec   .          Harm     .    (no cloak)
rCorr   .          Rampage  .    (no gloves)
Will    .....                    (no boots)
Stlth   ++........               (no amulet)
HPRegen 0.09/turn                (no ring)
MPRegen 0.10/turn                (no ring)

@: slow
A: amphibious, slowness 1, strong legs 1, +LOS
a: Hop


You were on level 3 of the Dungeon.
You visited 1 branch of the dungeon, and saw 3 of its levels.

You collected 131 gold pieces.

Inventory:

Hand Weapons
 g - a +0 dagger (weapon)
Armour
 a - a +0 robe (worn)
Jewellery
 m - an amulet of guardian spirit
Scrolls
 c - 2 scrolls of identify {unknown}
 f - a scroll of amnesia {unknown}
 j - a scroll of teleportation {unknown}
 k - 2 scrolls of fear {unknown}
 n - a scroll of enchant weapon {unknown}
 p - a scroll of magic mapping {unknown}
 q - a scroll of summoning {unknown}
Potions
 b - a potion of magic
 d - a potion of brilliance {unknown}
 e - 2 potions of berserk rage {unknown}
 h - 3 potions of curing {unknown}
 i - a potion of cancellation {unknown}
 l - 2 potions of degeneration {unknown}
 o - a potion of attraction {unknown}


   Skills:
 + Level 1.7 Fighting
 - Level 2.1 Dodging
 - Level 1.7 Stealth
 + Level 2.7 Spellcasting
 * Level 5.7 Summonings


You had one spell level left.
You knew the following spells:

 Your Spells              Type           Power      Damage    Failure   Level
A - Call Imp              Summ           21%        N/A       2%          2
B - Call Canine Familiar  Summ           21%        N/A       4%          3
C - Summon Small Mammal   Summ           84%        N/A       1%          1

Your spell library contained the following spells:

 Spells                   Type           Power      Damage    Failure   Level
 Summon Guardian Golem    Hex/Summ       12%        N/A       17%         3
 Static Discharge         Conj/Air       4%         3-4/arc   26%         2
 Summon Lightning Spire   Summ/Air       12%        N/A       50%         4
 Arcjolt                  Conj/Air       1%         1d11      99%         5
 Lightning Bolt           Conj/Air       1%         1d12      99%         5
 Maxwell's Capacitive Co  Air            1%         ∞         100%        8


Dungeon Overview and Level Annotations

Branches:
Dungeon (3/15)

Altars:


Innate Abilities, Weirdness & Mutations

You are amphibious.
You cover ground slowly.
You can hop short distances.
You have an extended range of vision and can be seen from far away.


Message History

You hit the orc but do no damage. The bat misses you.
Your hound barely misses the orc.
Your crimson imp misses the bat.
The orc misses you.
The bat hits your crimson imp but does no damage.
Your hound bites the orc but does no damage.
You hit the orc but do no damage. The bat misses you.
Your crimson imp blinks!
The orc hits you with a +0 club.
* * * LOW HITPOINT WARNING * * *
Your hound closely misses the orc.
You hit the orc but do no damage. The bat barely misses you.
Your hound bites the orc.
The orc completely misses you.
Your hound barely misses the orc.
You hit the orc but do no damage.
The orc is lightly wounded.
The bat hits you but does no damage. The orc misses you.
Your hound barely misses the orc.
You hit the orc but do no damage.
The orc is lightly wounded.
The bat hits you but does no damage. The bat misses you.
Your hound bites the orc.
The orc closely misses you.
Your hound bites the orc but does no damage.
You hit the orc but do no damage.
The orc is moderately wounded.
The bat closely misses you. The orc hits you with a +0 club.
* * * LOW HITPOINT WARNING * * *
Your hound barely misses the orc.
You barely miss the orc.
The orc is moderately wounded.
The bat barely misses you. The bat misses you.
Your hound bites the orc but does no damage.
Your crimson imp hits the bat.
The bat dies!
The orc barely misses you.
Your hound bites the orc but does no damage.
The orc attacks as you move away! The orc hits you with a +0 club.
* * * LOW HITPOINT WARNING * * *
The orc throws a boomerang.
The boomerang barely misses your hound. The boomerang hits you.
You die...

#######
##.....##
##.......##
#....†....#
#<..5@....#
#..†.h....#
#....o....#
#.........#
##.......##
.........#
#$........#
#.........#
#.........#


You could see an orc (ally target), a friendly hound (summoned) and a friendly
crimson imp (summoned).

Vanquished Creatures
  A dart slug (D:2)
  2 ball pythons
  2 bats
  An endoplasm (D:1)
  3 giant cockroaches (D:2)
  A goblin (D:1)
  A hobgoblin (D:1)
  A quokka (D:3)
  A kobold (D:1)
  A rat (D:2)
14 creatures vanquished.

Vanquished Creatures (collateral kills)
  An adder (D:2)
  A dart slug (D:1)
  An orc (D:2)
  3 bats
  3 endoplasms
  A giant cockroach (D:1)
  2 jackals (D:1)
  A quokka (D:1)
  A frilled lizard (D:1)
  A goblin (D:1)
  3 rats (D:1)
18 creatures vanquished.

Grand Total: 32 creatures vanquished

Notes
Turn   | Place    | Note
-------+----------+-------------------------------------------
     0 | D:1      | zishaf the Barachi Summoner began the quest for the Orb.
     0 | D:1      | Reached XP level 1. HP: 13/13 MP: 3/3
   191 | D:1      | Reached skill level 5 in Summonings
   375 | D:1      | Reached XP level 2. HP: 20/20 MP: 3/5
   689 | D:1      | Reached skill level 1 in Fighting
   718 | D:1      | Learned a level 2 spell: Call Imp
   779 | D:1      | Found a faded altar of an unknown god.
  1839 | D:2      | Reached XP level 3. HP: 12/26 MP: 3/6
  1848 | D:2      | Learned a level 3 spell: Call Canine Familiar
  3049 | D:3      | HP: 1/27 [orc/+0 club (2)]
  3049 | D:3      | Hit by a boomerang thrown by an orc

Illustrated notes

Levels and vault maps discovered:
D:1:      grunt_arrival_lava_bath, layout_basic, ebering_ecumenical_altar_rust
D:2:      layout_loops_ring, minmay_misc_feat_x, hex_medium
D:3:      layout_rooms, mainiacjoe_overflow_chevrons, zin_statuary,
          serial_shops, nicolae_shop_temple_entry_statues_fountains

Skill      XL: |  1  2 |
---------------+-------+-----
Summonings     | 5 |  5.7
Fighting       | 1 |  1.7
Dodging        | |  2.1
Stealth        | |  1.7
Spellcasting   | |  2.7

Action                   || total
-------------------------++-------
Melee: Unarmed           ||    43
       Dagger            ||    67
       Punch             ||     1
 Cast: Summon Small Mamm ||    17
       Call Imp          ||    17
       Call Canine Famil ||     5
 Abil: Hop               ||     2
 Stab: Sleeping          ||     3
Armor: Robe              ||    32
Dodge: Dodged            ||    91

Table legend: (Time is in decaauts)
 A = Elapsed time spent in this place.
 B = Non-inter-level travel time spent in this place.
 C = Inter-level travel time spent in this place.
 D = Time resting spent in this place.
 E = Time spent auto-exploring this place.
 F = Levels seen in this place.
 G = Mean time per level.
                   A        B        C        D        E       F      G
               +--------+--------+--------+--------+--------+-----+--------+
         Total |   3333 |   3120 |    213 |    171 |   2576 |   3 | 1111.0 |
       Dungeon |   3333 |   3120 |    213 |    171 |   2576 |   3 | 1111.0 |
               +--------+--------+--------+--------+--------+-----+--------+

Top non-repeatable levels by time:
     D:1: 1966 daAuts
     D:2: 1342 daAuts
     D:3: 24 daAuts
